ITL
UTICA UNICORNS @ BIRMINGHAM BARONS
06/22/2029
 
TOP OF THE 1ST
Utica Unicorns batting - Pitching for Birmingham Barons : LHP Richard Simpson
Pitching: LHP Richard Simpson
Batting: LHB Jesús Raugel 0-0: SINGLE (Groundball, 56S) (infield hit)
Batting: RHB Jack Bailey 0-0: Ball
1-0: Ball
2-0: Ball
3-0: Called Strike
3-1: Foul Ball, location: 2F
3-2: Foul Ball, location: 2F
3-2: Fly out, F4 (Line Drive, 4M)
Batting: RHB António Magana 0-0: Called Strike
Pickoff Throw to First - Error! E1
Jesús Raugel to second
0-1: Ball
1-1: Swinging Strike
1-2: Foul Ball, location: 2F
1-2: Foul Ball, location: 2F
1-2: Ball
2-2: Ball
3-2: SINGLE (Groundball, 56D)
Jesús Raugel to third
Runner from 3rd tries for Home, SAFE, throw made home
Batting: RHB Andrew Good 0-0: Ball
1-0: Grounds into double play, 4-6-3 (Groundball, 34)
Top of the 1st over - 1 run, 2 hits, 1 error, 0 left on base; Utica 1 - Birmingham 0
BOTTOM OF THE 1ST
Birmingham Barons batting - Pitching for Utica Unicorns : LHP José Mercado
Pitching: LHP José Mercado
Batting: LHB Marcos Féliz 0-0: Called Strike
0-1: Ball
1-1: Ball
2-1: Ball
3-1: Swinging Strike
3-2: Foul Ball, location: 2F
3-2: Base on Balls
Batting: RHB Carlos Vásquez 0-0: Called Strike
0-1: Ball
1-1: Called Strike
Marcos Féliz steals 2nd base
1-2: Strikes out looking
Batting: RHB Warren Martin 0-0: Fly out, F8 (Flyball, 8RS)
Batting: RHB Juan Jiménez 0-0: Called Strike
0-1: Swinging Strike
0-2: Ball
1-2: Fly out, F7 (Flyball, 78D)
Bottom of the 1st over - 0 runs, 0 hits, 0 errors, 1 left on base; Utica 1 - Birmingham 0
TOP OF THE 2ND
Utica Unicorns batting - Pitching for Birmingham Barons : LHP Richard Simpson
Batting: LHB José Román 0-0: Ball
1-0: Ball
2-0: Fly out, F7 (Flyball, 7)
Batting: RHB Marcos Castillo 0-0: Called Strike
0-1: Swinging Strike
0-2: Ball
1-2: Ball
2-2: Ball
3-2: Foul Ball, location: 2F
3-2: Fly out, F8 (Flyball, 78D)
Batting: RHB Héctor Jiménez 0-0: Called Strike
0-1: Foul Ball, location: 2F
0-2: Ball
1-2: Ball
2-2: Ball
3-2: Foul Ball, location: 2F
3-2: Fly out, F9 (Flyball, 89M)
Top of the 2nd over - 0 runs, 0 hits, 0 errors, 0 left on base; Utica 1 - Birmingham 0
BOTTOM OF THE 2ND
Birmingham Barons batting - Pitching for Utica Unicorns : LHP José Mercado
Batting: RHB José Montoya 0-0: Ball
1-0: Ball
2-0: DOUBLE (Line Drive, 7LM)
Batting: LHB José Rivera 0-0: Called Strike
José Montoya steals 3rd base
0-1: Foul Ball, location: 2F
0-2: Strikes out looking
Batting: SHB Orlando Aguilar 0-0: Foul Ball, location: 2F
0-1: Ball
1-1: Foul Ball, location: 2F
1-2: Ball
2-2: SINGLE (Groundball, 56D)
José Montoya scores
Batting: LHB Curt Walker 0-0: Foul Ball, location: 2F
0-1: Ball
1-1: Swinging Strike
1-2: Foul Ball, location: 2F
1-2: Strikes out swinging
Batting: LHB John Haney 0-0: Called Strike
0-1: Foul Ball, location: 2F
0-2: Ball
1-2: Fly out, F8 (Flyball, 78D)
Bottom of the 2nd over - 1 run, 2 hits, 0 errors, 1 left on base; Utica 1 - Birmingham 1
TOP OF THE 3RD
Utica Unicorns batting - Pitching for Birmingham Barons : LHP Richard Simpson
Batting: RHB John Little 0-0: Called Strike
0-1: Ball
1-1: Ball
2-1: SINGLE (Groundball, 6MD)
Batting: LHB Raúl Morales 0-0: Called Strike
0-1: Foul Ball, location: 2F
0-2: Foul Ball, location: 2F
0-2: Ball
1-2: Foul Ball, location: 2F
1-2: Strikes out swinging
Batting: LHB Jesús Raugel 0-0: Called Strike
0-1: Ball
1-1: Ball
2-1: Ball
3-1: Base on Balls
John Little to second
Batting: RHB Jack Bailey 0-0: Called Strike
0-1: Grounds into double play, 3-6-3 (Groundball, 3)
Top of the 3rd over - 0 runs, 1 hit, 0 errors, 1 left on base; Utica 1 - Birmingham 1
BOTTOM OF THE 3RD
Birmingham Barons batting - Pitching for Utica Unicorns : LHP José Mercado
Batting: LHB Marcos Féliz 0-0: Ball
1-0: Fly out, F8 (Flyball, 8LD)
Batting: RHB Carlos Vásquez 0-0: Ball
1-0: DOUBLE (Line Drive, 3D)
Batting: RHB Warren Martin 0-0: Ball
1-0: SINGLE (Groundball, 34S) (infield hit)
Carlos Vásquez to third
Batting: RHB Juan Jiménez 0-0: Ball
1-0: Ball
2-0: Called Strike
2-1: Foul Ball, location: 2F
2-2: Grounds into double play, 6-4-3 (Groundball, 6)
Bottom of the 3rd over - 0 runs, 2 hits, 0 errors, 1 left on base; Utica 1 - Birmingham 1
TOP OF THE 4TH
Utica Unicorns batting - Pitching for Birmingham Barons : LHP Richard Simpson
Batting: RHB António Magana 0-0: Ball
1-0: Swinging Strike
1-1: Ball
2-1: Foul Ball, location: 2F
2-2: Foul Ball, location: 2F
2-2: Ball
3-2: Fly out, F8 (Flyball, 8LD)
Batting: RHB Andrew Good 0-0: Called Strike
0-1: Called Strike
0-2: Ball
1-2: Ball
2-2: Ball
3-2: Fly out, F8 (Flyball, 8RD)
Batting: LHB José Román 0-0: Ball
1-0: Ball
2-0: Ball
3-0: Base on Balls
Batting: RHB Marcos Castillo 0-0: Foul Ball, location: 2F
0-1: SINGLE (Line Drive, 89S)
José Román to second
Runner from 2nd tries for 3rd, SAFE, no throw
Batting: RHB Héctor Jiménez 0-0: Ball
1-0: Called Strike
1-1: Ground out 4-3 (Groundball, 4)
Top of the 4th over - 0 runs, 1 hit, 0 errors, 2 left on base; Utica 1 - Birmingham 1
BOTTOM OF THE 4TH
Birmingham Barons batting - Pitching for Utica Unicorns : LHP José Mercado
Batting: RHB José Montoya 0-0: Called Strike
0-1: Foul Ball, location: 2F
0-2: Ball
1-2: Fly out, F7 (Flyball, 7LMF)
Batting: LHB José Rivera 0-0: Ball
1-0: Ball
2-0: Ball
3-0: Foul Ball, location: 2F
3-1: Called Strike
3-2: Strikes out looking
Batting: SHB Orlando Aguilar 0-0: Ball
1-0: Called Strike
1-1: Fly out, F9 (Flyball, 9)
Bottom of the 4th over - 0 runs, 0 hits, 0 errors, 0 left on base; Utica 1 - Birmingham 1
TOP OF THE 5TH
Utica Unicorns batting - Pitching for Birmingham Barons : LHP Richard Simpson
Batting: RHB John Little 0-0: Ball
1-0: Ball
2-0: Ground out 5-3 (Groundball, 56)
Batting: LHB Raúl Morales 0-0: Swinging Strike
0-1: SINGLE (Groundball, 4MD)
Batting: LHB Jesús Raugel 0-0: Ball
1-0: Called Strike
1-1: Called Strike
Raúl Morales steals 2nd base
1-2: Ball
2-2: Ball
3-2: SINGLE (Line Drive, 78M)
Raúl Morales to third
Runner from 3rd tries for Home, SAFE, no throw
Pitching: RHP Guillermo Lozano
Batting: RHB Jack Bailey 0-0: Ball
1-0: Called Strike
1-1: Ball
2-1: Called Strike
2-2: Reached on error, E4 (Groundball, 4)
Jesús Raugel to second
Batting: RHB António Magana 0-0: Ball
Jesús Raugel steals 3rd base
1-0: Ball
2-0: Foul Ball, location: 2F
2-1: Swinging Strike
2-2: SINGLE (Flyball, 8RM)
Jesús Raugel scores
Jack Bailey to second
Runner from 2nd tries for 3rd, SAFE, no throw
Batting: RHB Andrew Good 0-0: Called Strike
0-1: Ball
1-1: Ball
2-1: Foul Ball, location: 2F
2-2: Grounds into double play, 4-6-3 (Groundball, 4M)
Top of the 5th over - 2 runs, 3 hits, 1 error, 1 left on base; Utica 3 - Birmingham 1
BOTTOM OF THE 5TH
Birmingham Barons batting - Pitching for Utica Unicorns : LHP José Mercado
Batting: LHB Curt Walker 0-0: Foul Ball, location: 2F
0-1: Ball
1-1: Swinging Strike
1-2: Strikes out looking
Batting: LHB John Haney 0-0: Called Strike
0-1: SINGLE (Line Drive, 4MD)
Batting: LHB Marcos Féliz 0-0: Grounds out, U3 (Groundball, 3L)
Batting: RHB Carlos Vásquez 0-0: Ball
1-0: Ball
2-0: Ball
3-0: Called Strike
3-1: Base on Balls
Batting: RHB Warren Martin 0-0: Called Strike
0-1: SINGLE (Groundball, 25) (infield hit)
John Haney to third
Carlos Vásquez to second
Batting: RHB Juan Jiménez 0-0: Ball
1-0: Ball
2-0: Foul Ball, location: 2F
Balk!
John Haney scores
Carlos Vásquez to third
Warren Martin to second
2-1: Called Strike
2-2: Foul Ball, location: 2F
2-2: Ball
3-2: Foul Ball, location: 2F
3-2: Foul Ball, location: 2F
3-2: Fly out, F8 (Flyball, 8RM)
Bottom of the 5th over - 1 run, 2 hits, 0 errors, 2 left on base; Utica 3 - Birmingham 2
TOP OF THE 6TH
Utica Unicorns batting - Pitching for Birmingham Barons : RHP Guillermo Lozano
Batting: LHB José Román 0-0: Foul Ball, location: 2F
0-1: Called Strike
0-2: Ball
1-2: Strikes out looking
Batting: RHB Marcos Castillo 0-0: Ball
1-0: Foul Ball, location: 2F
1-1: Fly out, F9 (Flyball, 9)
Batting: RHB Héctor Jiménez 0-0: Ball
1-0: Foul Ball, location: 2F
1-1: Fly out, F7 (Flyball, 7D)
Top of the 6th over - 0 runs, 0 hits, 0 errors, 0 left on base; Utica 3 - Birmingham 2
BOTTOM OF THE 6TH
Birmingham Barons batting - Pitching for Utica Unicorns : LHP José Mercado
Batting: RHB José Montoya 0-0: Called Strike
0-1: Ball
1-1: Ball
2-1: Fly out, F6 (Line Drive, 6M)
Batting: LHB José Rivera 0-0: Called Strike
0-1: Fly out, F4 (Popup, 4MD)
Batting: SHB Orlando Aguilar 0-0: Called Strike
0-1: Ball
1-1: SINGLE (Groundball, 56D)
Batting: LHB Curt Walker 0-0: Ball
1-0: Swinging Strike
1-1: Foul Ball, location: 2F
1-2: SINGLE (Line Drive, 5D)
Orlando Aguilar to second
Batting: LHB John Haney 0-0: Called Strike
0-1: Ball
1-1: Swinging Strike
1-2: Ball
Wild Pitch!
Orlando Aguilar to third
Curt Walker to second
2-2: Foul Ball, location: 2F
2-2: Fly out, F7 (Flyball, 78M)
Bottom of the 6th over - 0 runs, 2 hits, 0 errors, 2 left on base; Utica 3 - Birmingham 2
TOP OF THE 7TH
Utica Unicorns batting - Pitching for Birmingham Barons : RHP Guillermo Lozano
Batting: RHB John Little 0-0: Ball
1-0: Foul Ball, location: 2F
1-1: Ground out 6-3 (Groundball, 6)
Batting: LHB Raúl Morales 0-0: Ground out 6-3 (Groundball, 6M)
Batting: LHB Jesús Raugel 0-0: Ball
1-0: Ball
2-0: SINGLE (Line Drive, 6M)
Batting: RHB Jack Bailey 0-0: Ball
1-0: Fly out, F7 (Flyball, 7S)
Top of the 7th over - 0 runs, 1 hit, 0 errors, 1 left on base; Utica 3 - Birmingham 2
BOTTOM OF THE 7TH
Birmingham Barons batting - Pitching for Utica Unicorns : LHP José Mercado
Pitching: RHP Mario González
Batting: LHB Marcos Féliz 0-0: Ball
1-0: Called Strike
1-1: Ball
2-1: Ball
3-1: Base on Balls
Pinch Hitting: LHB Al Gaines 0-0: Sac Bunt - play at first, batter OUT! 1-4
Marcos Féliz to second
Batting: RHB Warren Martin 0-0: Ball
1-0: Ball
2-0: Ball
3-0: Base on Balls
Pinch Hitting: LHB Robinson López 0-0: Called Strike
0-1: Called Strike
0-2: Ball
1-2: Ball
2-2: Ball
3-2: SINGLE (Groundball, 34D)
Marcos Féliz to third
Warren Martin to second
Runner from 3rd tries for Home, SAFE, no throw
Batting: RHB José Montoya 0-0: Foul Ball, location: 2F
0-1: Swinging Strike
0-2: Foul Ball, location: 2F
0-2: Ball
1-2: SINGLE (Line Drive, 56D)
Warren Martin to third
Robinson López to second
Runner from 3rd tries for Home, SAFE, no throw
Batting: LHB José Rivera 0-0: Ball
1-0: Foul Ball, location: 2F
1-1: Ball
2-1: Foul Ball, location: 2F
2-2: Foul Ball, location: 2F
2-2: Ball
3-2: Base on Balls
Robinson López to third
José Montoya to second
Batting: SHB Orlando Aguilar 0-0: Called Strike
0-1: Swinging Strike
0-2: Strikes out looking
Batting: LHB Curt Walker 0-0: Ball
1-0: Ball
2-0: Foul Ball, location: 2F
2-1: Swinging Strike
2-2: Ball
3-2: Base on Balls
Robinson López scores
José Montoya to third
José Rivera to second
Pitching: LHP Alberto Martínez
Pinch Hitting: RHB Dave Dawson 0-0: Called Strike
0-1: Ball
1-1: Ground out 4-3 (Groundball, 4)
Bottom of the 7th over - 3 runs, 2 hits, 0 errors, 3 left on base; Utica 3 - Birmingham 5
TOP OF THE 8TH
Utica Unicorns batting - Pitching for Birmingham Barons : RHP Guillermo Lozano
Now at 1B: Robinson López
Now at SS: Rusty Downy
Now in RF: Al Gaines
Batting: RHB António Magana 0-0: Foul Ball, location: 2F
0-1: Ball
1-1: Foul Ball, location: 2F
1-2: Ball
2-2: Fly out, F8 (Flyball, 8RXD)
Batting: RHB Andrew Good 0-0: Ball
1-0: SINGLE (Groundball, 34S) (infield hit)
Batting: LHB José Román 0-0: Ball
1-0: DOUBLE (Line Drive, 9LS)
Andrew Good to third
Pinch Hitting: LHB Mitchell Oglethorpe 0-0: Ball
1-0: Foul Ball, location: 2F
1-1: Ball
2-1: DOUBLE (Flyball, 8LXD)
Andrew Good scores
José Román scores
Batting: RHB Héctor Jiménez 0-0: Ball
1-0: Foul Ball, location: 2F
1-1: Swinging Strike
1-2: Ball
Passed Ball!
Mitchell Oglethorpe to third
2-2: Ground out 4-3 (Groundball, 4)
Batting: RHB John Little 0-0: Ball
1-0: SINGLE (Groundball, 6MD)
Mitchell Oglethorpe scores
Batting: LHB Raúl Morales 0-0: Called Strike
0-1: Ball
1-1: Fly out, F7 (Line Drive, 78S)
Top of the 8th over - 3 runs, 4 hits, 0 errors, 1 left on base; Utica 6 - Birmingham 5
BOTTOM OF THE 8TH
Birmingham Barons batting - Pitching for Utica Unicorns : LHP Alberto Martínez
Now at 2B: Gabriel Stout
Batting: LHB Marcos Féliz 0-0: Ball
1-0: Foul Ball, location: 2F
1-1: Ground out 5-3 (Groundball, 56)
Batting: LHB Al Gaines 0-0: Ball
1-0: SINGLE (Line Drive, 34D)
Batting: RHB Warren Martin 0-0: Ball
Pickoff Throw to First - Out!
1-0: Called Strike
1-1: Ball
2-1: Swinging Strike
2-2: SINGLE (Groundball, 6) (infield hit)
Batting: LHB Robinson López 0-0: Ball
1-0: Swinging Strike
1-1: Foul Ball, location: 2F
1-2: Foul Ball, location: 2F
1-2: Fielders Choice at 2nd, U4 (Groundball, 4M)
Bottom of the 8th over - 0 runs, 2 hits, 0 errors, 1 left on base; Utica 6 - Birmingham 5
TOP OF THE 9TH
Utica Unicorns batting - Pitching for Birmingham Barons : RHP Guillermo Lozano
Batting: LHB Jesús Raugel 0-0: Ball
1-0: Ball
2-0: Ball
3-0: Called Strike
3-1: Base on Balls
Pitching: RHP Jim Baker
Batting: RHB Jack Bailey 0-0: Called Strike
Jesús Raugel steals 2nd base
0-1: Ball
1-1: Intentional Walk
Pinch Hitting: LHB Patrick Bright 0-0: Ball
1-0: Ball
2-0: Foul Ball, location: 2F
2-1: Swinging Strike
2-2: Ball
3-2: Foul Ball, location: 2F
3-2: Base on Balls
Jesús Raugel to third
Jack Bailey to second
Batting: RHB Andrew Good 0-0: Ball
1-0: Ball
2-0: Ball
3-0: TRIPLE (Line Drive, 8RXD)
Jesús Raugel scores
Jack Bailey scores
Patrick Bright scores
Batting: LHB José Román 0-0: Intentional Walk
Batting: RHB Gabriel Stout 0-0: Ball
1-0: Ball
2-0: Swinging Strike
2-1: Ball
3-1: Fly out, F3 (Popup, 3)
Batting: RHB Héctor Jiménez 0-0: Called Strike
0-1: Fielders Choice at 2nd, 6-4 (Groundball, 6)
Andrew Good scores
Batting: RHB John Little 0-0: Ball
1-0: Called Strike
1-1: Ball
2-1: Foul Ball, location: 2F
2-2: SINGLE (Line Drive, 9LS)
Héctor Jiménez to second
Batting: LHB Raúl Morales 0-0: Called Strike
0-1: Called Strike
0-2: Foul Ball, location: 2F
0-2: SINGLE (Groundball, 34S) (infield hit)
Héctor Jiménez to third
John Little to second
Batting: LHB Jesús Raugel 0-0: GRAND SLAM HOME RUN (Flyball, 9LD), Distance : 345 ft
Batting: RHB Jack Bailey 0-0: Ball
1-0: Foul Ball, location: 2F
1-1: Foul Ball, location: 2F
1-2: DOUBLE (Line Drive, 78D)
Batting: LHB Patrick Bright 0-0: Ball
1-0: Foul Ball, location: 2F
1-1: DOUBLE (Flyball, 8RXD)
Jack Bailey scores
Pitching: RHP Bryant von Bohlen
Batting: RHB Andrew Good 0-0: Ball
1-0: Ball
2-0: Ball
3-0: Called Strike
3-1: Base on Balls
Batting: LHB José Román 0-0: Ball
1-0: Called Strike
1-1: Ball
2-1: Ball
3-1: Base on Balls
Patrick Bright to third
Andrew Good to second
Batting: RHB Gabriel Stout 0-0: Fly out, F5 (Popup, 56S)
Top of the 9th over - 9 runs, 6 hits, 0 errors, 3 left on base; Utica 15 - Birmingham 5
BOTTOM OF THE 9TH
Birmingham Barons batting - Pitching for Utica Unicorns : LHP Alberto Martínez
Now in LF: Patrick Bright
Batting: RHB José Montoya 0-0: Foul Ball, location: 2F
0-1: Called Strike
0-2: Foul Ball, location: 2F
0-2: Ball
1-2: Ball
2-2: Foul Ball, location: 2F
2-2: Strikes out looking
Batting: LHB José Rivera 0-0: Called Strike
0-1: Ball
1-1: Ball
2-1: SINGLE (Groundball, 3D)
Batting: SHB Orlando Aguilar 0-0: Fly out, F8 (Flyball, 8LD)
Batting: LHB Curt Walker 0-0: Ball
1-0: Ball
2-0: Called Strike
2-1: Ball
3-1: Fly out, F5 (Popup, 5F)
Bottom of the 9th over - 0 runs, 1 hit, 0 errors, 1 left on base; Utica 15 - Birmingham 5
Saturday, December 16th, 2017 - OOTP Baseball 18.8 Build 76